[Event "Live Chess"]
[Site "Chess.com"]
[Date "2024.06.01"]
[Round "-"]
[White "lateforthesky"]
[Black "Brooms1989"]
[Result "1-0"]
[WhiteElo "2153"]
[BlackElo "1058"]
[TimeControl "300"]
[EndTime "10:57:10 PDT"]
[Termination "lateforthesky won by resignation"]

1. e4 e5 2. Nf3 Nc6 3. Bb5 a6 4. Ba4 Nf6 5. d4 exd4 6. O-O b5 7. Bb3 d6 8. Bd5 Nxd5 9. exd5 Ne5 10. Nxd4 Be7 11. Nc3 O-O 12. a4 Bd7 13. axb5 axb5 14.
Rxa8 Qxa8 15. Ndxb5 Qb7 16. Na3 f5 17. f4 Ng6 18. Nc4 Qa7+ 19. Kh1 Bf6 20. Be3 Qb8 21. Bd4 Bb5 22. Nxb5 Qxb5 23. Bxf6 Rxf6 24. b3 Qd7 25. Qd3 Ne7 26. Re1 g6 27. Qd4 Rf8 28. Re6 c5 29.
Qe3 Nxd5 30. Qe1 Nxf4 31. Re7 Qc6 32. Qf2 Nh5 33. Kg1 Re8 34. Qe3 Rxe7 35. Qxe7 Nf4 36. Ne3 Qe4 37. Qxe4 fxe4 38. g3 Nh5 39. Nc4 d5 40.
Nb6 d4 41. Na4 Nf6 42. Nxc5 e3 43. Kf1 Kf7 44. Ke2 Ke7 45. b4 Kd6 46. Nb3 Kc6 47. Nxd4+ Kd5 48. c3 1-0

[Event "Live Chess"]
[Site "Chess.com"]
[Date "2024.06.01"]
[Round "-"]
[White "RomanKifliuk"]
[Black "Dhaydon19"]
[Result "0-1"]
[WhiteElo "2353"]
[BlackElo "2675"]
[TimeControl "300"]
[EndTime "10:57:20 PDT"]
[Termination "Dhaydon19 won by resignation"]

1. e4 e6 2. d4 d5 3. Nc3 dxe4 4. Nxe4 Be7 5. Nf3 Nd7 6. Bd3 Ngf6 7. Nxf6+ Nxf6 8. Bg5 c5 9. dxc5 Qa5+ 10. Bd2 Qxc5 11.
O-O Bd7 12. Bc3 Bc6 13. Ne5 Rd8 14. Nxc6 Qxc6 15. Qe2 a6 16. Rad1 O-O 17. Qe5 Rd5 18.
Qg3 Rd7 19. Rde1 Rfd8 20. Re4 g6 21. Rh4 Rd5 22. Qh3 Nh5 23. Rc4 Qd7 24. g4 Ng7 25. Qh6 Bf8 26. Qe3 e5 27. Bxe5 Re8 28. Qg3 Rdxe5 0-1

[Event "Live Chess"]
[Site "Chess.com"]
[Date "2024.06.01"]
[Round "-"]
[White "GEMdzq"]
[Black "Bob2pen"]
[Result "1-0"]
[WhiteElo "2323"]
[BlackElo "1856"]
[TimeControl "300"]
[EndTime "10:57:20 PDT"]
[Termination "GEMdzq won by resignation"]

1. e4 e6 2. d4 d5 3. Nc3 Bb4 4. e5 Ne7 5. Bd2 b6 6. Qg4 Nf5 7. Nf3 Ba6 8. a3 Bxc3 9. Bxc3 Bxf1 10. Rxf1 c5 11. dxc5 bxc5 12. Qa4+ Qd7 13. Qxd7+ Nxd7 14. g4 Ne7 15. O-O-O Nc6 16. b4 d4 17. Bb2 cxb4 18. Nxd4 Nxd4 19. Rxd4 bxa3 20. Bxa3 O-O-O 21. Bd6 Nb6 22. c4 Rd7 23. c5 Nd5 24. Kd2 Rb7 25. Ra1 Kd7 26. Rc4 Rc8 27. Ra6 Rc6 28. Rca4 Rxa6 29.
Rxa6 Rb2+ 30. Kc1 Rb7 31. c6+ 1-0

[Event "Live Chess"]
[Site "Chess.com"]
[Date "2024.06.01"]
[Round "-"]
[White "SergiiA"]
[Black "Bunny55"]
[Result "1-0"]
[WhiteElo "1537"]
[BlackElo "1179"]
[TimeControl "300"]
[EndTime "10:57:23 PDT"]
[Termination "SergiiA won by resignation"]

1. c4 Nf6 2. Nc3 g6 3. e4 d6 4.
g3 Bg7 5. Bg2 O-O 6. Nge2 c6 7.
O-O Nbd7 8. d4 e5 9. d5 h6 10.
Be3 Nh7 11. Qd2 g5 12. f4 exf4 13. gxf4 Nc5 14. Rae1 Re8 15. Bd4 Bxd4+ 16. Qxd4 Qf6 17. Qxf6 Nxf6 18. fxg5 hxg5 19. Rxf6 Nd3 20. Rb1 Kg7 21.
Rff1 Rh8 22. b3 Rh7 23. Ng3 Bd7 24. Nf5+ Kg6 25. Rbd1 Rah8 26. Rxd3 Bxf5 27. exf5+ Kf6 28. dxc6 bxc6 29. Bxc6 Rxh2 30. Bg2 1-0

[Event "Live Chess"]
[Site "Chess.com"]
[Date "2024.06.01"]
[Round "-"]
[White "Nazar-Makarchuk"]
[Black "sshamil"]
[Result "0-1"]
[WhiteElo "1450"]
[BlackElo "1685"]
[TimeControl "300"]
[EndTime "10:57:44 PDT"]
[Termination "sshamil won by resignation"]

1. e4 b6 2. Nf3 Bb7 3. Nc3 Nc6 4. d4 e6 5. d5 exd5 6. Qxd5 Na5 7. Qe5+ Ne7 8. Bf4 d6 9. Qg5 h6 10. Qg3 g6 11. Bb5+ c6 12. Bd3 d5 13. exd5 Nxd5 14. Nxd5 cxd5 15. Bc7 Qe7+ 16. Qe5 Bg7 17. Qxe7+ Kxe7 18. c3 Kd7 19. Bg3 Nc6 20. O-O Rae8 21. Rfe1 g5 22.
Ne5+ Nxe5 23. Bxe5 Bxe5 24. g3 h5 25. Bf5+ Kc7 26. Rad1 h4 27. Rd2 hxg3 28. fxg3 f6 29. Rde2 d4 30. cxd4 Bxd4+ 31. Kf1 Ba6 32. g4 Bxe2+ 33.
Rxe2 Rxe2 34. Kxe2 Bxb2 0-1

[Event "Live Chess"]
[Site "Chess.com"]
[Date "2024.06.01"]
[Round "-"]
[White "WelshTiger"]
[Black "nitrofish07"]
[Result "1-0"]
[WhiteElo "2536"]
[BlackElo "2116"]
[TimeControl "300"]
[EndTime "10:58:05 PDT"]
[Termination "WelshTiger won on time"]

1. e4 c5 2. Nf3 d6 3. d4 cxd4 4. Nxd4 Nf6 5. Nc3 a6 6. h4 e5 7. Nb3 Be7 8. Bg5 Be6 9. Bxf6 Bxf6 10. g3 Nc6 11. Bh3 Qd7 12. Bxe6 fxe6 13. Qe2 O-O 14. O-O b5 15. a3 Rac8 16. Rad1 Nd4 17. Nxd4 exd4 18. Nb1 a5 19. Qd3 Qc6 20. Rc1 d5 21. exd5 Qxd5 22. Nd2 e5 23. Ne4 Qc4 24. Rfe1 Rfd8 25.
Qf3 Qf7 26. Qd3 Qc4 27. Qf3 Qf7 28. Qf5 Rc6 29. c3 d3 30. Rcd1 Qd7 31. Qxd7 Rxd7 32. Re3 Rc4 33. f3 b4 34. cxb4 axb4 35. Rdxd3 Rxd3 36. Rxd3 Rc1+ 37. Kg2 bxa3 38. bxa3 Ra1 39. Kh3 Kf7 40. Kg4 Be7 41. Kf5 Rxa3 42. Rxa3 Bxa3 43. Kxe5 Bc1 44. Ng5+ Kg6 45. Ne6 Bb2+ 46. Ke4 Ba3 47.
Nf4+ Kf6 48. Nd5+ Ke6 49. Ne3 Bd6 50. Nf5 Bf8 51. g4 g6 52. Nd4+ Kf7 53. Kd5 Be7 54. h5 gxh5 55. gxh5 Bf6 56. Nf5 Be7 57. Nxe7 Kxe7 58. Ke5 Kf7 59. Kf5 h6 60. Ke5 1-0

[Event "Live Chess"]
[Site "Chess.com"]
[Date "2024.06.01"]
[Round "-"]
[White "degringolade64"]
[Black "dhairyapandyauk"]
[Result "1-0"]
[WhiteElo "2056"]
[BlackElo "1732"]
[TimeControl "300"]
[EndTime "10:58:05 PDT"]
[Termination "degringolade64 won by checkmate"]

1. e4 e5 2. Nf3 Nc6 3. Bc4 Bc5 4. b4 Bxb4 5. c3 Ba5 6. d4 exd4 7. Qb3 Qe7 8. O-O d6 9. cxd4 Nf6 10. e5 dxe5 11.
dxe5 Nd7 12. Bg5 f6 13. exf6 gxf6 14. Nc3 Nde5 15. Nxe5 Nxe5 16. Bf4 Kf8 17. Rfe1 Kg7 18. Nd5 Qc5 19. Rxe5 fxe5 20. Bxe5+ Kh6 21. Qg3 Bf5 22.
Bg7+ Kh5 23. Nf4# 1-0

[Event "Live Chess"]
[Site "Chess.com"]
[Date "2024.06.01"]
[Round "-"]
[White "TC2304"]
[Black "Queensandpawns"]
[Result "1-0"]
[WhiteElo "2347"]
[BlackElo "2443"]
[TimeControl "300"]
[EndTime "10:58:26 PDT"]
[Termination "TC2304 won by checkmate"]

1. d4 Nc6 2. Nf3 d6 3. c4 Nf6 4. Nc3 g6 5. d5 Nb8 6. e4 Bg7 7. h3 O-O 8. Bf4 a5 9. Be2 c6 10. O-O Na6 11. e5 dxe5 12. Bxe5 cxd5 13. cxd5 Nb4 14. Bc4 Bf5 15. Nd4 Bd7 16. a3 Na6 17.
Qf3 Ne8 18. Bxg7 Nxg7 19. Rfe1 Nc5 20. Rad1 Qb6 21. Rxe7 Qxb2 22. d6 Be6 23. Nd5 Rad8 24. Nf6+ Kh8 25. Qf4 g5 26. Qxg5 Bxc4 27. Qxc5 Be6 28.
Nxh7 Kxh7 29. Nxe6 fxe6 30. Rd4 Qxf2+ 31. Kh2 Qf6 32.
Rg4 Rg8 33. Qc4 Qe5+ 34. Kh1 Qa1+ 35. Kh2 Qe5+ 36. Rf4 Rxd6 37. Qc2+ Kh8 38. g3 Qg5 39.
Rh4+ Qxh4 40. gxh4 Rd5 41. Qg6 Rh5 42. Rxg7 Rh7 43.
Qxh7# 1-0

[Event "Live Chess"]
[Site "Chess.com"]
[Date "2024.06.01"]
[Round "-"]
[White "vincents82"]
[Black "Grace6363"]
[Result "1-0"]
[WhiteElo "2155"]
[BlackElo "1142"]
[TimeControl "300"]
[EndTime "10:58:26 PDT"]
[Termination "vincents82 won by resignation"]

1. e4 c5 2. Nf3 Nc6 3. d4 cxd4 4. Nxd4 g6 5. c4 Bg7 6. Be3 Nf6 7. Nc3 O-O 8. f3 a6 9. Qd2 d6 10. Be2 Be6 11.
b3 Nxd4 12. Bxd4 Qa5 13. O-O Nh5 14. Rfd1 Rac8 15. Nd5 Bxd5 16. Qxa5 1-0

[Event "Live Chess"]
[Site "Chess.com"]
[Date "2024.06.01"]
[Round "-"]
[White "Dhaydon19"]
[Black "GEMdzq"]
[Result "1-0"]
[WhiteElo "2677"]
[BlackElo "2320"]
[TimeControl "300"]
[EndTime "10:58:44 PDT"]
[Termination "Dhaydon19 won by resignation"]

1. d4 Nf6 2. Nf3 e6 3. g3 c5 4. Bg2 cxd4 5. Nxd4 Bb4+ 6. c3 Be7 7. O-O d5 8. Nd2 O-O 9. e4 e5 10. N4b3 Nc6 11. exd5 Nxd5 12. Re1 Bg4 13. Qxg4 f5 14.
Qc4 1-0

[Event "Live Chess"]
[Site "Chess.com"]
[Date "2024.06.01"]
[Round "-"]
[White "Richardallis"]
[Black "SavagePawn7"]
[Result "1-0"]
[WhiteElo "2006"]
[BlackElo "684"]
[TimeControl "300"]
[EndTime "10:58:45 PDT"]
[Termination "Richardallis won by resignation"]

1. d4 e5 2. dxe5 d6 3. exd6 Bxd6 4. Nf3 Nc6 5. Bg5 f6 6. Bh4 Bg4 7. Nbd2 Qe7 8. c3 O-O-O 9. Qa4 Bxf3 10. Nxf3 Nh6 11.
e3 Nf5 12. Be2 Nxh4 13. Qxh4 g5 14. Qa4 h5 15. O-O-O g4 16. Nd4 Qd7 17. Bb5 a6 18. Bxc6 bxc6 19. Qxa6+ Kb8 20. Nxc6+ Qxc6 21. Qxc6 1-0

[Event "Live Chess"]
[Site "Chess.com"]
[Date "2024.06.01"]
[Round "-"]
[White "Kyrylo7770"]
[Black "PaulHumphreys"]
[Result "0-1"]
[WhiteElo "1690"]
[BlackElo "1394"]
[TimeControl "300"]
[EndTime "10:58:52 PDT"]
[Termination "PaulHumphreys won by checkmate"]

1. d4 d5 2. Nf3 e6 3. Bg5 Be7 4. h4 Nf6 5. e3 Nbd7 6. c4 c6 7.
cxd5 Nxd5 8. Bxe7 Nxe7 9. Bc4 b5 10. Bb3 a5 11. Ng5 h6 12. Nf3 Bb7 13. Nc3 O-O 14.
Bc2 Re8 15. Qd3 Nf8 16. O-O-O b4 17. Ne4 a4 18. g4 b3 19. axb3 axb3 20. Bxb3 Nd5 21.
g5 Ra1+ 22. Kd2 Rxd1+ 23. Bxd1 Qa5+ 24. Ke2 Ba6 25. gxh6 Bxd3+ 26. Kxd3 g6 27. h5 Rb8 28. hxg6 Nxg6 29. h7+ Kh8 30. Nfg5 Rb7 31. Nc5 Re7 32. Bh5 Qb5+ 33. Ke4 e5 34. Bxg6 exd4+ 35. Kxd4 fxg6 36. Ra1 Qxb2+ 37. Kc4 Qxa1 38. e4 Qc1+ 39. Kd4 Nf6 40. e5 Nxh7 41. Nxh7 Kxh7 42. Nd3 Rd7+ 43. Ke4 Qc4+ 44.
Kf3 Qxd3+ 45. Kg2 Qf5 46. f3 Qg5+ 47. Kf2 Rd3 48. Ke2 Qd2+ 49. Kf1 Rxf3+ 50. Kg1 Rg3+ 51. Kf1 Rh3 52. Kg1 Ra3 53. Kf1 Ra1# 0-1

[Event "Live Chess"]
[Site "Chess.com"]
[Date "2024.06.01"]
[Round "-"]
[White "WeakOldFinished"]
[Black "StoreySniper"]
[Result "0-1"]
[WhiteElo "1634"]
[BlackElo "2558"]
[TimeControl "300"]
[EndTime "10:58:53 PDT"]
[Termination "StoreySniper won by resignation"]

1. d4 g6 2. e4 Bg7 3. c4 c5 4.
d5 e5 5. Nc3 d6 6. Be2 Nd7 7.
h4 h5 8. Nf3 a6 9. a4 Ngf6 10. Ng5 Nh7 11. Nxh7 Rxh7 12. Kd2 Bh6+ 13. Kc2 Bxc1 14. Qxc1 Nf6 15. g3 Bd7 16. Qg5 Kf8 17. f4 Ng4 18. Bxg4 Bxg4 19. Qxd8+ Rxd8 20. fxe5 dxe5 21. Raf1 Ke7 22. a5 f5 23. Kd3 Rf7 24. Ke3 Rdf8 25. exf5 Rxf5 26. Rxf5 Rxf5 27. Ne4 Rf3+ 28. Kd2 Bf5 29.
Nxc5 Rxg3 30. Re1 Kf6 31. d6 Rg4 32. Kc3 Rd4 33. Nxb7 Rxh4 34. c5 Bd7 35. Nd8 Bb5 36. b3 Rh3+ 37. Kb4 Rd3 38. Rf1+ Kg7 39. Rf7+ Kh6 40. Re7 Rd4+ 41. Ka3 Rd5 42. Rxe5 Rxe5 43. Nf7+ Kg7 44. Nxe5 Kf6 45. d7 Ke7 46. Nxg6+ Kxd7 47. Kb4 Ke8 48. Kc3 Kf7 49. Nh4 Kf6 50. Kd4 Kg5 51. Nf3+ Kf4 52. Nh4 Kg4 53. Ng6 Be8 54. Ne5+ Kg3 55. c6 Bxc6 56. Nxc6 h4 57. Ke3 h3 58. Nd4 h2 59. Ne2+ Kg2 60. Nf4+ Kf1 0-1

[Event "Live Chess"]
[Site "Chess.com"]
[Date "2024.06.01"]
[Round "-"]
[White "matt1979"]
[Black "yarek"]
[Result "1-0"]
[WhiteElo "1377"]
[BlackElo "1718"]
[TimeControl "300"]
[EndTime "10:59:11 PDT"]
[Termination "matt1979 won by checkmate"]

1. f4 e5 2. fxe5 d6 3. Nf3 Nc6 4. e4 dxe5 5. Bb5 Bd6 6. Bxc6+ bxc6 7. O-O Nf6 8. d3 h6 9. h3 O-O 10. Be3 Be6 11. Qd2 Kh7 12. Nc3 Nh5 13. Qf2 Nf4 14.
Bxf4 exf4 15. Nd4 Bd7 16. Nde2 Qf6 17. Nxf4 Be5 18. Nfe2 Qg6 19. Qh4 Bf6 20. Qg3 Bd4+ 21. Kh2 Qxg3+ 22. Kxg3 Be5+ 23. Kf3 f5 24. Ke3 Rab8 25.
d4 Bd6 26. e5 Bb4 27. a3 Bxc3 28.
bxc3 Rb2 29. Kd3 g5 30. Rab1 Rfb8 31. Rxb2 Rxb2 32. Ng3 f4 33. Ne4 Bf5 34. Re1 Ra2 35. Kd2 Bxe4 36. Rxe4 Rxa3 37. e6 h5 38. e7 g4 39. e8=Q gxh3 40. Qe7+ Kh6 41. Qf6+ Kh7 42. Re7+ Kg8 43. Qg7# 1-0

[Event "Live Chess"]
[Site "Chess.com"]
[Date "2024.06.01"]
[Round "-"]
[White "educatedlad"]
[Black "KwikPhoenix"]
[Result "0-1"]
[WhiteElo "1758"]
[BlackElo "2454"]
[TimeControl "300"]
[EndTime "10:59:14 PDT"]
[Termination "KwikPhoenix won by resignation"]

1. d4 f5 2. Bg5 h6 3. Bh4 g5 4. e3 Nf6 5. Bg3 Bg7 6. Nc3 d6 7. h4 g4 8. Nge2 c6 9. Nf4 d5 10.
Bd3 e6 11. f3 h5 12. fxg4 hxg4 13. Ng6 Rh6 14. Ne5 Nh5 15. Ne2 Nxg3 16. Nxg3 Bxe5 17. dxe5 Rxh4 18. Qe2 Rxh1+ 19. Nxh1 Qh4+ 20. Nf2 Nd7 21. O-O-O Nxe5 22. Rh1 Qf6 23. Qf1 Bd7 24. Rh7 O-O-O 25. Nxg4 Nxg4 0-1

[Event "Live Chess"]
[Site "Chess.com"]
[Date "2024.06.01"]
[Round "-"]
[White "elephantgerrald"]
[Black "gmnorfolk"]
[Result "0-1"]
[WhiteElo "740"]
[BlackElo "2126"]
[TimeControl "300"]
[EndTime "10:59:40 PDT"]
[Termination "gmnorfolk won by checkmate"]

1. e4 c5 2. Nf3 d6 3. Nc3 Nf6 4. Bc4 Nc6 5. O-O g6 6. d3 Bg7 7.
Bg5 O-O 8. Bxf6 Bxf6 9. h3 a6 10. a3 b5 11. Bd5 Bd7 12. Qd2 Rb8 13. Rab1 Nd4 14. Nxd4 Bxd4 15. Ne2 Bg7 16. c3 e6 17.
Bb3 a5 18. c4 a4 19. Bc2 bxc4 20. dxc4 Rxb2 21. Rxb2 Bxb2 22. Qh6 Bg7 23. Qf4 Bc6 24. Nc3 Bxc3 25. Rd1 Bd4 26. Qg3 e5 27. Kh2 Kg7 28.
f3 h5 29. f4 exf4 30. Qxf4 Be5 31. Qxe5+ dxe5 32. Rxd8 Rxd8 33. Kg3 Rd4 34. Kf2 Bxe4 35.
Bxe4 Rxe4 36. Kf3 Rxc4 37. Ke2 Rd4 38. Ke3 c4 39. Ke2 c3 40. Ke3 c2 41. Kf3 c1=Q 42. Kg3 Qf4# 0-1

[Event "Live Chess"]
[Site "Chess.com"]
[Date "2024.06.01"]
[Round "-"]
[White "booktrunk"]
[Black "Yarigo"]
[Result "0-1"]
[WhiteElo "1389"]
[BlackElo "2350"]
[TimeControl "300"]
[EndTime "10:59:45 PDT"]
[Termination "Yarigo won by resignation"]

1. d4 d5 2. Nc3 e6 3. Bf4 Nf6 4. Nb5 Na6 5. e3 c6 6. Nc3 Nc7 7. Bxc7 Qxc7 8. Nf3 Bd6 9. Be2 O-O 10. Rb1 e5 11.
dxe5 Bxe5 12. Nxe5 Qxe5 13. O-O a5 14. Qd4 Re8 15.
Qxe5 Rxe5 16. Bf3 Bf5 17. Rbc1 g5 18. h3 h5 19. Na4 g4 20. hxg4 hxg4 21. Be2 Kg7 22.
f3 g3 23. f4 Rxe3 24. Bf3 Rae8 25. Rfd1 Bxc2 26. Rxc2 Re1+ 0-1

[Event "Live Chess"]
[Site "Chess.com"]
[Date "2024.06.01"]
[Round "-"]
[White "peteopeteo"]
[Black "SirGerhard"]
[Result "0-1"]
[WhiteElo "1617"]
[BlackElo "2771"]
[TimeControl "300"]
[EndTime "10:59:46 PDT"]
[Termination "SirGerhard won by checkmate"]

1. e4 c5 2. a3 g6 3. b4 Bg7 4. Nc3 b6 5. Bb2 Nc6 6. Qc1 Nf6 7. d3 O-O 8. Nf3 cxb4 9. axb4 Nxb4 10. Be2 Bb7 11. O-O a5 12. e5 Nfd5 13. Ne4 Rc8 14. c4 b5 15. Qd2 bxc4 16. dxc4 Nb6 17. Bd3 Nxc4 18. Bxc4 Rxc4 19. Rac1 Rxc1 20. Rxc1 Bxe4 21. Ng5 Bc6 22. h4 h6 23. Nf3 Qa8 24. h5 g5 25. Nxg5 Bxg2 26. e6 f6 27. exd7 hxg5 28. Rc8 Rxc8 29. dxc8=N Qxc8 30. Kxg2 Qg4+ 31. Kf1 Qxh5 32.
Qd8+ Kf7 33. Qa8 Qd1+ 34. Kg2 Nd5 35. Qxa5 Nf4+ 36. Kg3 Qd3+ 37. Kh2 Qh3+ 38. Kg1 Qg2# 0-1

[Event "Live Chess"]
[Site "Chess.com"]
[Date "2024.06.01"]
[Round "-"]
[White "viktorskliarov"]
[Black "CarmelJane"]
[Result "1-0"]
[WhiteElo "2644"]
[BlackElo "2086"]
[TimeControl "300"]
[EndTime "10:59:47 PDT"]
[Termination "viktorskliarov won by resignation"]

1. e4 c5 2. Nf3 e6 3. d4 cxd4 4. Nxd4 Nf6 5. Nc3 Nc6 6. Nxc6 bxc6 7. e5 Nd5 8. Ne4 Qc7 9. f4 Qb6 10. c4 Bb4+ 11. Ke2 f5 12. exf6 Nxf6 13. Nd6+ Bxd6 14.
Qxd6 Ne4 15. Qe5 Nf6 16. Be3 Qd8 17. Bc5 Kf7 18. h3 Ne8 19. Rd1 Qf6 20. g3 Ba6 21.
Ke3 Rd8 22. Bxa7 d6 23. Qxf6+ gxf6 24. Bd4 Rg8 25. Kf2 e5 26. Be3 Nc7 27. Bb6 Ne6 28. Bxd8 Rxd8 29. b3 Nd4 30. Bg2 d5 31. cxd5 cxd5 32.
Rc1 Ke6 33. Rhd1 Be2 34. Rxd4 exd4 35. Kxe2 1-0

[Event "Live Chess"]
[Site "Chess.com"]
[Date "2024.06.01"]
[Round "-"]
[White "Isambard_Thomas"]
[Black "FlyingChessKestrel13"]
[Result "1-0"]
[WhiteElo "2165"]
[BlackElo "2096"]
[TimeControl "300"]
[EndTime "10:59:47 PDT"]
[Termination "Isambard_Thomas won by resignation"]

1. d4 e6 2. Nf3 f5 3. Bg5 Be7 4. h4 Nf6 5. e3 b6 6. Bd3 Bb7 7.
Nbd2 Nc6 8. a3 d6 9. Qe2 h6 10. Bf4 Qd7 11. O-O-O O-O-O 12. Nb3 Kb8 13. Bb5 a6 14.
Bxa6 Nd5 15. Bh2 g5 16. hxg5 hxg5 17. Bb5 g4 18. Nfd2 Rh7 19. Bg3 Rdh8 20. Rxh7 Rxh7 21. c4 Nf6 22. d5 exd5 23. cxd5 Nxd5 24. Qd3 Qe6 25. Qc2 Na7 26. Bd3 Rf7 27. Nd4 Qf6 28.
Nxf5 Nc8 29. e4 c6 30. exd5 cxd5 31. Kb1 Bf8 32. Nb3 Rc7 33. Qe2 d4 34. Nbxd4 Bxg2 35. Qxg4 Bg7 36. Nxg7 Rxg7 37. Qh4 Qxh4 38. Bxh4 Rg4 39.
Nf5 Bf3 40. Rc1 Rf4 41. Bg3 Rg4 42. Nxd6 Nxd6 43. Bxd6+ Kb7 44. Rc7+ Ka8 45. Bg3 1-0

[Event "Live Chess"]
[Site "Chess.com"]
[Date "2024.06.01"]
[Round "-"]
[White "Crowded_House"]
[Black "ACM42"]
[Result "0-1"]
[WhiteElo "1766"]
[BlackElo "2211"]
[TimeControl "300"]
[EndTime "10:59:56 PDT"]
[Termination "ACM42 won by resignation"]

1. d4 Nf6 2. Bg5 g6 3. e3 Bg7 4. c3 b5 5. a3 a6 6. Bd3 Bb7 7.
Nf3 d6 8. Nbd2 Nbd7 9. O-O O-O 10. Qc2 c5 11. dxc5 Nxc5 12. Be2 Rc8 13. Qd1 h6 14. Bh4 Qb6 15. Nb3 Nce4 16. Nbd2 g5 17. Bg3 Rfd8 18.
Nxe4 Nxe4 19. Nd2 Nxg3 20. hxg3 e5 21. Bf3 d5 22. Nb3 a5 23. Rb1 a4 24. Nd2 Ba6 25. Be2 d4 26. exd4 exd4 27. cxd4 Bxd4 28. Qe1 Rc2 29. Nf3 Bxb2 30. Nh2 Re8 31. Qb4 Bc3 32.
Qg4 Rcxe2 33. Qf5 Qe6 34. Qxe6 R8xe6 35. Ng4 Bd4 36. Rb4 Bc5 37. Rbb1 Bxa3 38. Rbd1 b4 39. Rd8+ Kg7 40. Rfd1 Re1+ 41. Rxe1 Rxe1+ 42. Kh2 b3 43. Ra8 Re6 0-1

[Event "Live Chess"]
[Site "Chess.com"]
[Date "2024.06.01"]
[Round "-"]
[White "MellowAesthetic"]
[Black "KeithArkell"]
[Result "0-1"]
[WhiteElo "2057"]
[BlackElo "2518"]
[TimeControl "300"]
[EndTime "11:00:04 PDT"]
[Termination "KeithArkell won by resignation"]

1. e4 c6 2. d4 d5 3. exd5 cxd5 4. c4 Nf6 5. Nc3 g6 6. cxd5 Nxd5 7. Nf3 Nxc3 8. bxc3 Bg7 9. Bf4 O-O 10. Bc4 Nc6 11. O-O Bg4 12. h3 Bxf3 13. Qxf3 Rc8 14. Bb3 Na5 15.
Rfe1 e6 16. Be5 b6 17. Rad1 Nc4 18. Bxg7 Kxg7 19. d5 exd5 20. Rxd5 Qf6 21. Qd3 Na5 22. c4 Rfe8 23. Rd1 Nb7 24. Qd4 Nc5 25. Qxf6+ Kxf6 26. f4 Re3 27. R1d2 Nxb3 28. axb3 Rxb3 29. Rd7 Rxc4 30. Rxa7 Rxf4 31. Rdd7 Kg7 0-1

[Event "Live Chess"]
[Site "Chess.com"]
[Date "2024.06.01"]
[Round "-"]
[White "nigelst"]
[Black "rakibsachchu"]
[Result "0-1"]
[WhiteElo "1692"]
[BlackElo "1579"]
[TimeControl "300"]
[EndTime "11:00:12 PDT"]
[Termination "rakibsachchu won by resignation"]

1. e4 c5 2. Nf3 e6 3. c3 Nf6 4. e5 Nd5 5. d4 d6 6. Bb5+ Bd7 7.
Bxd7+ Qxd7 8. O-O Nc6 9. Na3 O-O-O 10. exd6 Bxd6 11. Nb5 Bb8 12. Qe2 a6 13. Na3 cxd4 14. Nxd4 Qc7 15. g3 h5 16. Nac2 h4 17. Nxc6 Qxc6 18.
Nd4 Qd7 19. Be3 hxg3 20. fxg3 Rh3 21. Qc4+ Bc7 22. Bf4 Nxf4 23. gxf4 Rdh8 24. Rf2 Kb8 25. Ne2 Bb6 26. Nd4 R3h6 27. Rd1 Rg6+ 28. Rg2 Rxg2+ 29. Kxg2 e5 30. fxe5 Qg4+ 31. Kf2 Qxd1 32. Qd5 Rxh2+ 33. Ke3 Rh3+ 34. Kf4 g5+ 35. Kxg5 Qh5+ 36. Kf6 Qg6+ 37. Ke7 Rh8 38. Qd6+ Bc7 39. Qxg6 fxg6 40. Kf7 g5 41. e6 g4 42. Nf5 g3 43. e7 g2 44. Ng7 g1=Q 0-1

[Event "Live Chess"]
[Site "Chess.com"]
[Date "2024.06.01"]
[Round "-"]
[White "LL220284LL"]
[Black "Rusty_Bridges"]
[Result "1-0"]
[WhiteElo "2583"]
[BlackElo "1497"]
[TimeControl "300"]
[EndTime "11:00:25 PDT"]
[Termination "LL220284LL won by resignation"]

1. d4 d5 2. c4 e6 3. Nf3 Be7 4. Nc3 Nf6 5. g4 h6 6. Rg1 Nc6 7. h4 Bb4 8. Bd2 Bxc3 9. Bxc3 Ne4 10. e3 Qe7 11. Qb3 dxc4 12. Bxc4 Nxc3 13. bxc3 Na5 14.
Qa4+ Nc6 15. Ne5 Bd7 16. Nxd7 Qxd7 17. Bb5 a6 18. Bxc6 Qxc6 19. Qxc6+ bxc6 20. Rb1 O-O 21. Kd2 Rab8 22. Kd3 Rb6 23. Rb3 Rfb8 24. Rgb1 Kf8 25. Kc4 Ke7 26. Kc5 Rb5+ 27. Rxb5 cxb5 28. a4 Kd7 29.
axb5 c6 30. bxc6+ Kc7 31. Rxb8 Kxb8 32. Kb6 a5 33. Kxa5 Kc7 34. Kb5 1-0

[Event "Live Chess"]
[Site "Chess.com"]
[Date "2024.06.01"]
[Round "-"]
[White "KwikPhoenix"]
[Black "GoldsmanB"]
[Result "1-0"]
[WhiteElo "2454"]
[BlackElo "1044"]
[TimeControl "300"]
[EndTime "11:00:45 PDT"]
[Termination "KwikPhoenix won by resignation"]

1. b3 e5 2. Bb2 Nc6 3. e3 d5 4. Bb5 Bd6 5. Nf3 f6 6. c4 dxc4 7. bxc4 e4 8. Nd4 Bd7 9. Bxc6 Bxc6 10. c5 Bxc5 11. Qh5+ g6 12. Qxc5 Qd6 13. Qxd6 cxd6 14. Nxc6 bxc6 15. Nc3 Rb8 16. O-O-O Ne7 17. Nxe4 O-O 18.
Nxf6+ Kg7 19. Nd7+ 1-0

[Event "Live Chess"]
[Site "Chess.com"]
[Date "2024.06.01"]
[Round "-"]
[White "Golden_Plans"]
[Black "Ferrarifan27"]
[Result "1-0"]
[WhiteElo "2251"]
[BlackElo "2082"]
[TimeControl "300"]
[EndTime "11:01:02 PDT"]
[Termination "Golden_Plans won by checkmate"]

1. e4 e5 2. Nf3 Nc6 3. Bc4 Bc5 4. c3 Nf6 5. O-O O-O 6. d4 exd4 7. cxd4 Bb6 8. Nc3 d6 9. h3 Re8 10. Re1 a6 11. a3 h6 12. b4 Bd7 13. Qb3 Qe7 14. e5 dxe5 15. dxe5 Nh7 16. Nd5 Qf8 17. Bb2 Be6 18. Nxb6 cxb6 19. Bxe6 Rxe6 20. Nd4 Nxd4 21. Bxd4 Rd8 22. Bc3 Qe8 23. Rad1 Ng5 24. f4 Rxd1 25. Qxd1 Nh7 26. Qd5 Rc6 27. Bb2 b5 28. Qd4 Qc8 29. e6 Nf6 30. e7 Qe8 31. Qd8 Rc8 32. Bxf6 gxf6 33. Rd1 Kg7 34. Qd7 b6 35. Kh2 Rb8 36.
Rd3 f5 37. Rg3+ Kh8 38. Qd6 Kh7 39. Qf6 Qh8 40. Qxf7+ Qg7 41. Qxg7# 1-0

[Event "Live Chess"]
[Site "Chess.com"]
[Date "2024.06.01"]
[Round "-"]
[White "RamsayFlayer"]
[Black "viktor_forever1994"]
[Result "1-0"]
[WhiteElo "1961"]
[BlackElo "1390"]
[TimeControl "300"]
[EndTime "11:01:33 PDT"]
[Termination "RamsayFlayer won on time"]

1. e4 e5 2. Nf3 Nc6 3. Bb5 Nf6 4.
O-O a6 5. Bxc6 dxc6 6. Nxe5 Qd4 7. Nf3 Qb6 8. e5 Nd5 9. d4 Bg4 10. Be3 O-O-O 11. b3 Nxe3 12. fxe3 h5 13. h3 Bf5 14. c4 Bb4 15. c5 Qb5 16. a3 Bxb1 17.
Qxb1 Bc3 18. Ra2 g5 19. Qc2 g4 20. hxg4 hxg4 21. Ng5 Bxd4 22. exd4 Rxd4 23. Qf5+ Kb8 24. b4 Qc4 25. Rc2 Qb3 26. Rcf2 Qe3 27. Nxf7 Rf8 28.
e6 g3 29. Qf3 gxf2+ 30. Qxf2 Qxf2+ 31. Rxf2 Re4 32. Rf6 Re8 33. Ng5 R4xe6 34. Nxe6 Re7 35. Rf8+ Ka7 36. Nf4 Re4 37. g4 1-0

[Event "Live Chess"]
[Site "Chess.com"]
[Date "2024.06.01"]
[Round "-"]
[White "matt1979"]
[Black "Queensandpawns"]
[Result "0-1"]
[WhiteElo "1377"]
[BlackElo "2443"]
[TimeControl "300"]
[EndTime "11:01:39 PDT"]
[Termination "Queensandpawns won by resignation"]

1. f4 e5 2. fxe5 d6 3. Nf3 dxe5 4. e4 Bc5 5. c3 Nf6 6. d4 exd4 7. cxd4 Bb4+ 8. Bd2 Bxd2+ 9. Nbxd2 O-O 10. Bd3 c5 11. e5 Ng4 12. Qe2 cxd4 13. Qe4 f5 14. Qxd4 Qxd4 15.
Nxd4 Rd8 16. N2f3 Nxe5 17. Bxf5 Nxf3+ 18. Nxf3 Bxf5 19. Kf2 Nc6 0-1

[Event "Live Chess"]
[Site "Chess.com"]
[Date "2024.06.01"]
[Round "-"]
[White "febray_27"]
[Black "PatientChessPapa"]
[Result "1-0"]
[WhiteElo "2003"]
[BlackElo "784"]
[TimeControl "300"]
[EndTime "11:01:45 PDT"]
[Termination "febray_27 won on time"]

1. Nf3 d5 2. d4 Nf6 3. g3 e6 4.
Bg2 c5 5. dxc5 Bxc5 6. O-O O-O 7.
c4 dxc4 8. Qa4 Nc6 9. Qxc4 Be7 10. Nc3 Qc7 11. Bf4 Qb6 12. b3 Rd8 13. Nb5 Bd7 14. Bc7 Na5 15. Bxb6 Nxc4 16. Bxd8 Bxd8 17. bxc4 Rc8 18.
Nxa7 Rxc4 19. Rfc1 Ra4 20. Nc8 h6 21. Ne5 Bb5 22. Bf3 Ra8 23. Nd6 1-0